Cogmind - Beta 10.1 @@@ ROGUE MODE // 2020.09.25 @ 21:22:40 Player: John1001 Result: Destroyed by as-05978 with Assembled Heavy Rifle Performance ------------- Evolutions (0) 0 Regions Visited (2) 400 Robots Destroyed (15) 75 Value Destroyed (243) 243 Prototype IDs (0) 0 Alien Tech Used (0) 0 Bonus (0) 0 TOTAL SCORE: 718 Bonus ------- None Cogmind --------- Core Integrity 0/250 Matter 240/300 Energy 99/100 System Corruption 8% Temperature Cool (0) Movement Core (50) Location -10/Mines Parts ------- > --- POWER (1) -------- (None) > --- PROPULSION (2) --- (None) > --- UTILITY (2) ------ Signal Interpreter > --- WEAPON (2) ------- Makeshift Sword > --- INVENTORY (4) ---- Ion Engine Improved Heat Sink Sensor Array Light Armor Plating Peak State ------------ > --- POWER ------------ Light Nuclear Core > --- PROPULSION ------- Light Treads > --- UTILITY ---------- Signal Interpreter Light Armor Plating > --- WEAPON ----------- Makeshift Sword > --- INVENTORY -------- Ion Engine Improved Heat Sink Sensor Array Light Armor Plating [Rating: 10] Favorites ----------- Power Light Ion Engine Engine Light Ion Engine Power Core Light Nuclear Core Propulsion Light Treads Treads Light Treads Utility Signal Interpreter Device Improved Heat Sink Storage Large Storage Unit Processor Signal Interpreter Protection Light Armor Plating Weapon Assault Rifle Energy Gun Medium Laser Ballistic Gun Assault Rifle Launcher Grenade Launcher Slashing Weapon Makeshift Sword Build | -11 -10 -10 ------- Run | Scr Mat Min Slots Evolved . | . . . Power . | . . . Propulsion . | . . . Utility . | . . . Weapon . | . . . Parts Attached 19 | 6 6 7 Power 4 | 1 1 2 Engine 3 | 1 1 1 Core 1 | . . 1 Reactor . | . . . Propulsion 4 | 2 . 2 Treads 4 | 2 . 2 Leg . | . . . Wheel . | . . . Hover . | . . . Flight . | . . . Utility 5 | 1 3 1 Device 1 | . 1 . Storage 2 | 1 1 . Processor 1 | . 1 . Hackware . | . . . Protection 1 | . . 1 Artifact . | . . . Weapon 6 | 2 2 2 Energy Gun 2 | 1 1 . Energy Cannon . | . . . Ballistic Gun 2 | 1 1 . Ballistic Cannon . | . . . Launcher 1 | . . 1 Special Weapon . | . . . Impact Weapon . | . . . Slashing Weapon 1 | . . 1 Piercing Weapon . | . . . Special Melee Weapon . | . . . Unidentified Prototypes . | . . . Parts Lost 12 | . 2 10 Power 4 | . 1 3 Propulsion 3 | . . 3 Utility 1 | . . 1 Weapon 4 | . 1 3 Highest Loss Streak 10 | . 2 10 Average Slot Usage (%) 94 | . 96 77 Engine 13 | . 14 6 Treads 27 | . 28 20 Device 1 | . 2 . Storage 13 | . 14 7 Processor 9 | . 8 14 Energy Gun 11 | . 13 . Ballistic Gun 14 | . 14 14 Naked Turns . | . . . Heaviest Build 24 | 11 23 24 Greatest Support 40 | 40 40 40 Greatest Overweight (x) . | . . . Average Overweight (x) . | . . . Largest Inventory Capacity 10 | 6 10 10 Average Capacity 7 | 5 8 7 Most Carried 10 | 1 10 10 Average Carried 5 | . 6 7 Final Capacity 10 | 6 10 4 Final Carried 10 | 1 10 4 Class Distribution -------------------- 100% | Mutant Dominant Class ---------------- Mutant | -10/Materials Mutant | -10/Mines Resources | -11 -10 -10 ----------- Run | Scr Mat Min Matter Collected 414 | 215 199 . Remotely . | . . . Salvage Created 312 | . 293 19 Parts 32 | . 32 . Haulers Intercepted . | . . . Recyclers Shooed . | . . . Parts Field Recycled . | . . . Retrieved Matter . | . . . Parts Self-Destructed . | . . . Prevented . | . . . Kills | -11 -10 -10 ------- Run | Scr Mat Min Combat Hostiles Destroyed 11 | . 7 4 Melee 1 | . . 1 Guns 7 | . 7 . AOE 3 | . . 3 Classes Destroyed 5 | . 4 1 Operator 1 | . 1 . Watcher 3 | . 3 . Swarmer 3 | . 3 . Grunt 4 | . 4 . Assembled 4 | . . 4 Best Kill Streak 4 | . 4 3 Combat Bots Only 4 | . 4 3 Max Kills in Single Turn 3 | . 2 3 Gunslinging 1 | . 1 . Exploded 3 | . . 3 Melee 1 | . . 1 Uniques/NPCs Destroyed . | . . . Combat | -11 -10 -10 -------- Run | Scr Mat Min Damage Taken 1433 | . 409 1024 Core 262 | . 56 206 Absorbed by Shields . | . . . Core Remaining (%) 100 | 100 . . Volleys Fired 41 | . 36 5 Largest 2 | . 2 2 Hottest 70 | . 70 50 Shots Fired 81 | . 71 10 Gun 79 | . 71 8 Cannon . | . . . Launcher 2 | . . 2 Special . | . . . Kinetic 46 | . 38 8 Thermal 20 | . 20 . Explosive 2 | . . 2 Electromagnetic 13 | . 13 . Robot Hit Streak 12 | . 12 6 Robot Miss Streak 4 | . 4 1 Penetration Max . | . . . Secondary Targets 1 | . 1 . Max Gunslinging Chain 1 | . 1 . Shots Hit Robots 52 | . 43 9 Core Hits 28 | . 18 10 Critical Hits . | . . . Critical Kills . | . . . Critical Parts Destroyed . | . . . Melee Attacks 5 | . . 5 Impact . | . . . Slashing 5 | . . 5 Piercing . | . . . Sneak Attacks . | . . . Combat Hostiles . | . . . Follow-up Attacks . | . . . Damage Inflicted 943 | . 514 429 Guns 559 | . 514 45 Cannons . | . . . Explosions 296 | . . 296 Melee 88 | . . 88 Ramming . | . . . Kinetic 262 | . 217 45 Thermal 162 | . 162 . Explosive 296 | . . 296 Electromagnetic 135 | . 135 . Impact . | . . . Slashing 88 | . . 88 Piercing . | . . . Highest Corruption 8 | . 1 8 Average Corruption 2 | . 1 4 Corruption Purged . | . . . Effects 3 | . 2 1 Message Errors 3 | . 2 1 Overload Shots . | . . . Overflow Damage 6 | . . 6 Projectiles . | . . . Explosions 6 | . . 6 Melee . | . . . Knockbacks . | . . . Impact . | . . . Kinetic . | . . . Secondary . | . . . Self-Inflicted Damage 64 | . . 64 Shots 2 | . . 2 Rammed . | . . . Targets Rammed . | . . . Kicked . | . . . Crushed . | . . . Highest Temperature 65 | . 65 20 Average Temperature 21 | . 21 9 Received Heat Transfer 231 | . 171 60 Siege Activations . | . . . Robots Corrupted . | . . . Combat Hostiles . | . . . Parts Fried 2 | . 2 . Impact Corruptions . | . . . Robots Melted . | . . . Combat Hostiles . | . . . Parts Melted . | . . . Heat Transferred 481 | . 481 . Parts Sabotaged . | . . . Parts Stolen . | . . . Parts Stripped . | . . . Power Chain Reactions . | . . . Missiles Intercepted . | . . . Alert | -11 -10 -10 ------- Run | Scr Mat Min Peak Influence 170 | . 170 55 Initial 55 | . . 55 Average 57 | . 68 27 Maximum Alert Level . | . . . Low Security (%) 100 | 100 100 100 Level 1 . | . . . Level 2 . | . . . Level 3 . | . . . Level 4 . | . . . Level 5 . | . . . High Security . | . . . Max Security . | . . . Squads Dispatched 2 | . 2 . Investigation . | . . . Extermination . | . . . Reinforcement 2 | . 2 . Assault . | . . . Garrison . | . . . Intercept . | . . . Construction Impeded . | . . . Haulers Reinforced . | . . . Stealth | -11 -10 -10 --------- Run | Scr Mat Min Distress Signals . | . . . Communications Jammed . | . . . Distress Signals . | . . . Times Spotted 23 | . 16 7 Peak Tracking Total 4 | . 3 4 Tactical Retreats 1 | . 1 . Traps | -11 -10 -10 ------- Run | Scr Mat Min Traps Triggered 1 | . 1 . Indirectly . | . . . Trap Hack Attempts . | . . . Triggered . | . . . Disarmed . | . . . Reprogrammed . | . . . Reused . | . . . Traps Extracted . | . . . Installed . | . . . Triggered . | . . . Machines | -11 -10 -10 ---------- Run | Scr Mat Min Machines Disabled . | . . . Max in Single Turn . | . . . Machines Sabotaged . | . . . Garrisons Compromised . | . . . Overloaded Fab Kills . | . . . Fab Network Shutdowns . | . . . Hacking | -11 -10 -10 --------- Run | Scr Mat Min Machines Accessed 2 | . 2 . Terminals 1 | . 1 . Fabricators . | . . . Repair Stations . | . . . Recycling Units 1 | . 1 . Scanalyzers . | . . . Garrison Access . | . . . Total Hacks 4 | . 4 . Successful 4 | . 4 . Failed . | . . . Catastrophic . | . . . Database Lockouts . | . . . Manual 1 | . 1 . Terminals 2 | . 2 . Fabricators . | . . . Repair Stations . | . . . Recycling Units 2 | . 2 . Scanalyzers . | . . . Garrison Access . | . . . Terminal Hacks 2 | . 2 . Alert Level 1 | . 1 . Patrol Status 1 | . 1 . Fabricator Hacks . | . . . Repair Station Hacks . | . . . Recycling Unit Hacks 2 | . 2 . Report Inventory 1 | . 1 . Retrieve Components 1 | . 1 . Scanalyzer . | . . . Garrison Access Hacks . | . . . Unauthorized Hacks . | . . . Terminals . | . . . Fabricators . | . . . Repair Stations . | . . . Recycling Units . | . . . Scanalyzers . | . . . Garrison Access . | . . . Data Cores Recovered . | . . . Used . | . . . Hacking Detections 1 | . 1 . Full Trace Events . | . . . Feedback Events . | . . . Feedback Blocked . | . . . Robot Schematics Acquired . | . . . Robots Built . | . . . Matter . | . . . Time . | . . . Total Robot Build Rating . | . . . Part Schematics Acquired . | . . . Parts Built . | . . . Matter . | . . . Time . | . . . Total Part Build Rating . | . . . Parts Repaired . | . . . Time . | . . . Parts Recycled . | . . . Recycled Matter . | . . . Retrieved Matter . | . . . Retrieved Components 6 | . 6 . Parts Scanalyzed . | . . . Part Schematics Acquired . | . . . Parts Damaged . | . . . Bothacking | -11 -10 -10 ------------ Run | Scr Mat Min Used RIF Installer . | . . . Robots Hacked . | . . . Non-combat . | . . . Combat . | . . . Robot Hacks Applied . | . . . Relay Couplers Released . | . . . Robots Rewired . | . . . Allies Hacked . | . . . Hacks Repelled . | . . . Allies | -11 -10 -10 -------- Run | Scr Mat Min Total Allies . | . . . Largest Group . | . . . Highest-Rated Group . | . . . Highest-Rated Ally . | . . . Total Orders . | . . . Ally Attacks . | . . . Total Damage . | . . . Kills . | . . . Allies Corrupted . | . . . Allies Melted . | . . . Intel | -11 -10 -10 ------- Run | Scr Mat Min Robot Analysis Total . | . . . Derelict Logs Recovered . | . . . Drone Launches . | . . . Drone Recoveries . | . . . Exploration | -11 -10 -10 ------------- Run | Scr Mat Min Turns Passed 881 | 87 703 91 Spaces Moved 448 | 51 360 37 Core 5 | 4 . 1 Treads 443 | 47 360 36 Legs . | . . . Wheels . | . . . Hover . | . . . Flight . | . . . Fastest Speed 50 | 50 160 50 Average Speed 158 | 151 160 157 Slowest Speed 160 | 160 160 160 Overloaded Moves . | . . . Propulsion Burnouts . | . . . Robots Hopped . | . . . Cave-ins Triggered . | . . . Exploration Rate (%) 26 | 5 60 13 Regions Visited 2 Branch Regions 1 Pre-discovered Areas . | . . . Known Exits Taken 1 | . 1 . Unknown Exits Taken 1 | 1 . . Scrap Searched . | . . . Spaces Dug . | . . . Terrain Destroyed 18 | . . 18 Melee . | . . . Projectile . | . . . AOE 18 | . . 18 Terrain Rammed . | . . . Walls Destroyed . | . . . Machines Disabled . | . . . Actions | -11 -10 -10 --------- Run | Scr Mat Min Total 530 | 58 416 56 Wait 1 | 1 . . Move 446 | 50 359 37 Hop . | . . . Pick Up 14 | 1 12 1 Fast Attach 10 | 6 3 1 Attach 6 | . 1 5 Detach . | . . . Swap 3 | . 2 1 Drop 4 | . 3 1 Fire 41 | . 36 5 Melee 5 | . . 5 Ram . | . . . Kick . | . . . Crush . | . . . Escape Stasis . | . . . Rewire . | . . . Trap . | . . . Miscellaneous . | . . . Route ------- -11/Scrapyard -10/Materials (discovered 3 exits: *Mat x2 / *Min) -10/Mines History --------- Turn | Location | Event 3 | -11/Scrapyard | Discovered new exit (range 15) 88 | -11/Scrapyard | Entered Materials 309 | -10/Materials | Build established: Mutant 336 | -10/Materials | Discovered new exit (range 16) 375 | -10/Materials | Identified exit to Mines 497 | -10/Materials | Discovered new exit (range 16) 547 | -10/Materials | Identified exit to Materials 657 | -10/Materials | Discovered exit to Materials (range 5) 791 | -10/Materials | Entered Mines 797 | -10/Mines | Assembled infested the area 843 | -10/Mines | Core integrity fell below 50% 860 | -10/Mines | A weapon hastily lodged in a ceiling crevice suddenly fell to the ground 866 | -10/Mines | Core integrity fell below 20% 882 | -10/Mines | Destroyed by as-05978 with Assembled Heavy Rifle Last Messages --------------- 00845_ Lgt. Assault Rifle destroyed. 00847_ Lgt. Treads severed. 00850_ Dropped Lrg. Storage Unit. 00851_ Acquired Lgt. Armor Plating. 00853_ T-07 Excavator destroyed. 00855_ U-05 Engineer lays Concrete. 00857_ U-05 Engineer builds a Wall. 00857_ as-00375 sneak attacks. 00860_ A Mak. Sword has been hastily shoved under some rubble with a note attached: "Here lies the sword of MA-1KR the Great. I think." 00861_ U-05 Engineer destroyed. 00863_ Acquired Mak. Sword. 00864_ K-01 Serf collects debris. 00864_ as-00375 sneak attacks. 00871_ R-06 Scavenger collects Lgt. Treads. 00875_ Lgt. Treads destroyed. 00877_ Critical hit. 00877_ Lgt. Armor Plating destroyed. 00878_ Lgt. Nuclear Core destroyed. 00879_ as-00375 destroyed. Map ----- +----------------------------------------------------+ | ???????????????????????????????????????????? | | ???????????????????????????????????????????? | | ???????????????????????????????????????????? | | ???????????????????????????????????????????? | | ???????????????????????????????????????????? | | ???????????????????????????????????????????? | | ???????????????????????????????????????????? | | ???????????????????????????????????????????? | | ???????????????????????????????????????????? | | ???????????????????????????????????????????? | | ???????????????????????????????????????????? | | ???????????????????????????????????????????? | | ????????????????????????????###????????????? | | ??????????????????????????? ##???????????? | | ??????????????????????????? ##??????????? | | ??????????????????????????? ???????????? | | ??????????????????????????? ????????????? | | ??????????????????????????? ?????????????? | | ??????????????????????????# #?????????????? | | ??????????????????????????# #?????????????? | | ???????????????????????#### #?????????????? | | ??????????????????????## #?????????????? | | ??????????????????????# #?????????????? | | ?????????????# ####### ##?????????????? | | ?????????????# r #??????????????? | | ?????????????# % @a ###????????????? | | ?????????????###########% a #????????????? | | ??????????????????????## #????????????? | | ??????????????????????### % #????????????? | | ????????????????????????#! #???????????? | | ????????????????????### ##??????????? | | ?????????????????# a #??????????? | | ???????????????????#### #??????????? | | ??????????????????????# # =#??????????? | | ??????????????????????####### =%#??????????? | | ????????????????????????????## #??????????? | | ?????????????????????????????# t#??????????? | | ?????????????????????????????# ##?????????? | | ?????????????????????????????## ##????????? | | ??????????????????????????????# ####?????? | | ??????????????????????????????# ##????? | | ??????????????????????????????## #????? | | ???????????????????????????????# #????? | | ???????????????????????????????## ##????? | | ????????????????????????????????# ###?????? | | ????????????????????????????????# ###?????? | | ????????????????????????????????# ##????? | | ????????????????????????????????# ####?? | | ????????????????????????????????# #?? | | ????????????????????????????????## #? | +----------------------------------------------------+ Best States ------------- Heat Dissipation 39 Energy Generation 14 Energy Capacity 250 Matter Stores 300 Matter Capacity 300 Sight Range 16 Terrain Scan Density 10 Armor Coverage 150 Evasion (%) 40 Recoil Reduction 2 Item Schematics ----------------- None Robot Schematics ------------------ None Fabricated ------------ Nothing Alien Tech Used ----------------- None Achievements -------------- None Challenges ------------ None Game ------ Seed FieldDroneGuard Manual? 0 Play Time 00:13:29 Cumulative 20.7 hours Start 2020.09.25 @ 21:09:30 End 2020.09.25 @ 21:22:40 Sessions 1 Manual Loads 0 Difficulty Rogue Special Mode None Game No. 6 Rogue 3 Adventurer 0 Explorer 3 Win Type - Total 0 Types 0/0/0/0/0/0/0/0/0 Lore% 30 Gallery% 23 Achievement% 31 Wizard Run 0 Options --------- ASCII 0 Keyboard 1 Movement Numpad Keybinds 0 Fullscreen 1 Font 18/Terminus Map View 76x50 Tactical HUD 1 Map Filters NONE Filters NONE Steam 1 RUN: 7e2cfadc-b26d-4357-a4c4-0eb995e3f9a9